 Dungeon Crawl Stone Soup version 0.21.1-1-g345015fe64 (webtiles) character file.

102 Fascinator the Skirmisher (level 4, -11/35 HPs)
             Began as a Demonspawn Fighter on July 11, 2018.
             Killed from afar by patthesweetcat's ghost (17 damage)
             ... with a flame tongue
             ... on level 3 of the Dungeon.
             The game lasted 00:04:00 (2189 turns).

Fascinator the Skirmisher (Demonspawn Fighter)      Turns: 2189, Time: 00:04:00

Health: -11/35     AC:  6    Str: 17    XL:     4   Next: 50%
Magic:  0/4        EV:  7    Int:  9    God:
Gold:   61         SH:  9    Dex: 13    Spells: 3/3 levels left

rFire    . . .     SeeInvis .   a - +0 war axe
rCold    . . .     Gourm    .   c - +0 shield
rNeg     . . .     Faith    .   b - +0 scale mail
rPois    .         Spirit   +   (no helmet)
rElec    .         Reflect  .   (no cloak)
rCorr    .         Harm     .   (no gloves)
MR       .....                  (no boots)
Stlth    ..........             e - amulet of regeneration
HPRegen  0.51/turn              (no ring)
MPRegen  0.09/turn              (no ring)

@: no status effects
A: talons 1, magic shield
a: no special abilities


You were on level 3 of the Dungeon.
You were not hungry.

You visited 1 branch of the dungeon, and saw 3 of its levels.

You collected 61 gold pieces.

Inventory:

Hand Weapons
 a - a +0 war axe (weapon)
Armour
 b - a +0 scale mail (worn)
 c - a +0 shield (worn)
Jewellery
 e - an amulet of regeneration (around neck)
Scrolls
 g - 3 scrolls of identify {unknown}
 h - a scroll of immolation {unknown}
 l - 3 scrolls of noise {unknown}
 n - a scroll of amnesia {unknown}
 q - a scroll of remove curse {unknown}
 s - 2 scrolls of blinking {unknown}
Potions
 d - a potion of might
 i - 2 potions of mutation {unknown}
 j - a potion of ambrosia {unknown}
 k - a potion of magic {unknown}
 m - 2 potions of lignification {unknown}
 o - a potion of flight {unknown}
 p - a potion of curing {unknown}
Books
 r - a book of Cantrips

   Spells                             Type                      Level
   a - Confusing Touch                Hexes                        1
   b - Animate Skeleton               Necromancy                   1
   c - Summon Small Mammal            Summoning                    1
   d - Apportation                    Translocation                1
Comestibles
 f - 6 rations


   Skills:
 + Level 3.2 Fighting
 * Level 3.1 Axes
 + Level 3.0 Armour
 + Level 0.5 Dodging
 + Level 1.0 Stealth
 + Level 3.1 Shields


You had 3 spell levels left.
You didn't know any spells.

Dungeon Overview and Level Annotations

Branches:
Dungeon (3/15)

Altars:

Annotations:
D:3 patthesweetcat's ghost, amateur OpFE


Innate Abilities, Weirdness & Mutations

You have sharp toenails.
When hurt, damage is shared between your health and your magic reserves.


Message History

Patthesweetcat's ghost stares at you and mumbles some strange words.
The flame tongue hits you!
You are too injured to fight recklessly!
You are too injured to fight recklessly!
You hit patthesweetcat's ghost.
Your kick misses patthesweetcat's ghost.
Patthesweetcat's ghost is moderately damaged.
Patthesweetcat's ghost lets out a mournful wail.
You block patthesweetcat's ghost's attack.
You completely miss patthesweetcat's ghost.
Your kick misses patthesweetcat's ghost.
Patthesweetcat's ghost is moderately damaged.
Patthesweetcat's ghost stares at you and mumbles some strange words.
The puff of flame hits you!
* * * LOW HITPOINT WARNING * * *
You closely miss patthesweetcat's ghost.
Patthesweetcat's ghost is moderately damaged.
Patthesweetcat's ghost stares at you and mumbles some strange words.
The flame tongue hits you!
You die...

..# ##.......###...# ..#
#.)............# ..#
#.........##...#
..#########.........##..##
....................##.##
..#########.........##.#
..# ##.......###.# # ..#
##.....###..# .# ..##
####@####.## ... ...#
###W##...#####.# .#.#
#......####....# ##.#
#..#.#######<...# ##.#
#.##.# #....#.# #.#
#.##.#####...## #.#
#.##.##....##...# #.#
####.##.##.#.## .#... #.#
#....##.#....# .. ##


You could see patthesweetcat's ghost.

Vanquished Creatures
  Natasha (D:2)
  2 adders (D:2)
  A gnoll (D:1)
  A worm (D:2)
  A dart slug (D:1)
  4 leopard geckos
  3 giant cockroaches
  5 goblins
  5 hobgoblins (D:1)
  4 kobolds
  A quokka (D:2)
  4 bats
  3 frilled lizards
  9 rats
44 creatures vanquished.

Notes
Turn   | Place    | Note
-------+----------+-------------------------------------------
     0 | D:1      | Fascinator the Demonspawn Fighter began the quest for the Orb.
     0 | D:1      | Reached XP level 1. HP: 18/18 MP: 1/1
    84 | D:1      | Gained mutation: You have sharp toenails. [demonic ancestry]
    84 | D:1      | Reached XP level 2. HP: 24/24 MP: 2/2
   896 | D:1      | Gained mutation: When hurt, damage is shared between your health and your magic reserves. [demonic ancestry]
   896 | D:1      | Reached XP level 3. HP: 29/29 MP: 3/3
  1258 | D:2      | Reached skill level 1 in Stealth
  1654 | D:2      | Reached XP level 4. HP: 35/35 MP: 4/4
  1682 | D:2      | Noticed Natasha
  1691 | D:2      | Killed Natasha
  2176 | D:3      | Noticed patthesweetcat's ghost (amateur OpFE)
  2189 | D:3      | Killed from afar by patthesweetcat's ghost

Skill      XL: |  1  2  3  4 |
---------------+-------------+-----
Axes           | 2 3 |  3.1
Shields        | 3 |  3.1
Stealth        | 1 |  1.0
Armour         | 3 |  3.0
Fighting       | |  3.2
Dodging        | |  0.5

Action                   |  1- 3 |  4- 6 || total
-------------------------+-------+-------++-------
Melee: War axe           |    85 |    37 ||   122
       Kick              |    20 |    11 ||    31
  Eat: Chunk             |     2 |     2 ||     4
Armor: Scale mail        |   201 |    17 ||   218
Dodge: Dodged            |   109 |     8 ||   117
Block: Shield            |   224 |    18 ||   242
